 Dungeon Crawl Stone Soup version 0.27-a0-366-g8badd94918 (webtiles) character file.

Game seed: 11317674429053718150

26 wampuh the Grave Robber (level 2, -11/28 HPs)
             Began as a Demonspawn Necromancer on Feb 17, 2021.
             Mangled by Terence
             ... wielding a +0 falchion of distortion
              (13 damage)
             ... on level 2 of the Dungeon.
             The game lasted 00:02:47 (1211 turns).

wampuh the Grave Robber (Demonspawn Necromancer)    Turns: 1211, Time: 00:02:48

Health: -11/28     AC: 21    Str:  8    XL:     2   Next: 89%
Magic:  0/5        EV:  2    Int: 16    God:
Gold:   25         SH:  0    Dex: 13    Spells: 3/5 levels left

rFire    . . .     SeeInvis .   d - +0 club
rCold    . . .     Faith    .   (no shield)
rNeg     + + +     Spirit   .   (armour currently unavailable)
rPois    +         Reflect  .   (helmet currently unavailable)
rElec    .         Harm     .   (cloak currently unavailable)
rCorr    .         Rampage  .   (gloves currently unavailable)
Will     .....     NoTele   +   (boots currently unavailable)
Stlth    ++........             (no amulet)
HPRegen  0.09/turn              f - ring of ice
MPRegen  0.09/turn              g - ring of fire

@: tree-form
A: no striking features
a: no special abilities


You were on level 2 of the Dungeon.
You were a tree.
You visited 1 branch of the dungeon, and saw 2 of its levels.

You collected 25 gold pieces.

Inventory:

Hand Weapons
 d - a +0 club (weapon)
Armour
 a - a +0 robe (melded)
 c - a +0 pair of gloves (melded)
 i - a +1 cloak of poison resistance (melded)
Jewellery
 f - a ring of ice (left branch)
 g - a ring of fire (right branch)
Scrolls
 b - 4 scrolls of identify {unknown}
 h - a scroll of fog {unknown}
 j - a scroll of teleportation {unknown}
Potions
 k - a potion of curing {unknown}


   Skills:
 - Level 1.7 Dodging
 - Level 1.7 Stealth
 + Level 2.4 Spellcasting
 * Level 5.1 Necromancy


You had 3 spell levels left.
You knew the following spells:

 Your Spells              Type           Power        Failure   Level
a - Pain                  Necr           72%          2%          1
b - Animate Skeleton      Necr           36%          2%          1

Your spell library contained the following spells:

 Spells                   Type           Power        Failure   Level
 Vampiric Draining        Necr           9%           7%          3
 Animate Dead             Necr           9%           24%         4
 Agony                    Necr           18%          54%         5


Dungeon Overview and Level Annotations

Branches:
Dungeon (2/15)

Altars:

Annotations:
D:2 Terence


Innate Abilities, Weirdness & Mutations

((You are partially covered in icy blue scales. (AC +2)))


Message History

Terence writhes in agony.
Terence zaps a wand.
The puff of flame hits you.
Casting: Pain (safe; 2% risk of failure)
Confirm with . or Enter, or press ? or * to list all spells.
Aiming: Pain (safe; 2% risk of failure)
Press: ? - help, Shift-Dir - straight line, f/p - Terence
Aim: Terence, wielding a +0 falchion of distortion, wearing a +1 scale mail of cold resistance and carrying a wand of flame (9) (lightly wounded, chance to affect: 84%) Terence writhes in agony.
Casting: Pain (safe; 2% risk of failure)
Confirm with . or Enter, or press ? or * to list all spells.
Aiming: Pain (safe; 2% risk of failure)
Press: ? - help, Shift-Dir - straight line, f/p - Terence
Aim: Terence, wielding a +0 falchion of distortion, wearing a +1 scale mail of cold resistance and carrying a wand of flame (9) (heavily wounded, chance to affect: 84%) Terence writhes in agony.
Terence hits you with a +0 falchion of distortion.
You blink.
Casting: Pain (safe; 2% risk of failure)
Confirm with . or Enter, or press ? or * to list all spells.
Aiming: Pain (safe; 2% risk of failure)
Press: ? - help, Shift-Dir - straight line, f/p - Terence
Aim: Terence, wielding a +0 falchion of distortion, wearing a +1 scale mail of cold resistance and carrying a wand of flame (9) (heavily wounded, chance to affect: 84%) Terence writhes in agony.
Casting: Pain (safe; 2% risk of failure)
Confirm with . or Enter, or press ? or * to list all spells.
Aiming: Pain (safe; 2% risk of failure)
Press: ? - help, Shift-Dir - straight line, f/p - Terence
Aim: Terence, wielding a +0 falchion of distortion, wearing a +1 scale mail of cold resistance and carrying a wand of flame (9) (severely wounded, chance to affect: 84%) Terence barely resists.
It was a potion of lignification.
You turn into a tree.
Your +1 cloak of poison resistance melds into your body.
Your +0 pair of gloves melds into your body.
Your +0 robe melds into your body.
You no longer feel resistant to poison.
Your roots penetrate the ground.
You barely miss Terence.
Terence is severely wounded.
Terence hits you but does no damage. Space bends around you!
* * * LOW HITPOINT WARNING * * *
You hit Terence but do no damage.
Terence is severely wounded.
Terence hits you but does no damage. Space warps horribly around you!
You die...

.......#....#.#
.######.#####.#
####.# #....# ....
##.#### .>..
##...## #..#
##.....##
#..#####.......#
#..##..@♣.......#
#..##.##........#
###..##.###.....#.#
#.....@.# ##...##.#
#.#.@#### ##.## #
#..# .# #..# .#
#.@# #.......#


You could see Terence.

Vanquished Creatures
  A dart slug (D:1)
  A leopard gecko (D:1)
  A ball python (D:1)
  3 giant cockroaches
  2 goblins (D:1)
  4 hobgoblins (D:1)
  3 jackals (D:1)
  A frilled lizard (D:1)
  2 rats (D:1)
18 creatures vanquished.

Vanquished Creatures (collateral kills)
  A jackal (D:1)
1 creature vanquished.

Grand Total: 19 creatures vanquished

Notes
Turn   | Place    | Note
-------+----------+-------------------------------------------
     0 | D:1      | wampuh the Demonspawn Necromancer began the quest for the
                  | Orb.
     0 | D:1      | Reached XP level 1. HP: 13/13 MP: 3/3
   155 | D:1      | Learned a level 1 spell: Animate Skeleton
   386 | D:1      | Gained mutation: You are partially covered in icy blue
                  | scales. (AC +2) [demonic ancestry]
   386 | D:1      | Reached XP level 2. HP: 18/19 MP: 3/5
   574 | D:1      | Reached skill level 5 in Necromancy
  1195 | D:2      | Noticed Terence
  1210 | D:2      | HP: 1/28 [Terence/+0 falchion of distortion (7)]
  1211 | D:2      | Mangled by Terence

Illustrated notes

Levels and vault maps discovered:
D:1:      dpeg_arrival_boxes_within_box, layout_loops_ring
D:2:      layout_loops_ring, uniq_terence

Skill      XL: |  1  2 |
---------------+-------+-----
Necromancy     | 5 |  5.1
Dodging        | |  1.7
Stealth        | |  1.7
Spellcasting   | |  2.4

Action                   || total
-------------------------++-------
Melee: Club              ||    27
 Cast: Pain              ||    32
       Animate Skeleton  ||     1
  Use: Potion            ||     1
 Stab: Sleeping          ||     1
Armor: Robe              ||    12
       Skin              ||     2
Dodge: Dodged            ||    20

Table legend: (Time is in decaauts)
 A = Elapsed time spent in this place.
 B = Non-inter-level travel time spent in this place.
 C = Inter-level travel time spent in this place.
 D = Time resting spent in this place.
 E = Time spent auto-exploring this place.
 F = Levels seen in this place.
 G = Mean time per level.
                   A        B        C        D        E       F      G
               +--------+--------+--------+--------+--------+-----+--------+
         Total |   1217 |   1212 |      5 |    473 |    576 |   2 |  608.5 |
       Dungeon |   1217 |   1212 |      5 |    473 |    576 |   2 |  608.5 |
               +--------+--------+--------+--------+--------+-----+--------+

Top non-repeatable levels by time:
     D:1: 1117 daAuts
     D:2: 100 daAuts
